Map: Triton LE

Players

LiquidTLO (TLO)

  • Race: Zerg Zerg
  • League: Master
  • Spawn Location: 11:00

soul - Winner!

  • Race: Terran Terran
  • League: Grandmaster
  • Spawn Location: 5:00

Event: HomeStory Cup XX

VOD

Have the link to the VOD?

Description

Time

  • Played on: Nov. 21, 2019, 7:39 a.m.
  • Length: 21:39

All games in this series

Show
View Real Time Build Order
Export as new Build Order

LiquidTLO Zerg 

Build Orders: Hatch First, Muta Ling Bane 

Get SALT Encoding   

  12  0:00  Drone  
  13  0:12  Overlord  
  13  0:19  Drone  
  14  0:31  Drone x2  
  16  0:49  Hatchery  
  15  0:52  Drone  
  15  0:56  Drone  
  17  0:59  Drone  
  17  1:03  Extractor  
  17  1:15  Spawning Pool  
  17  1:17  Drone  
  17  1:21  Drone  
  18  1:28  Drone  
  19  1:39  Drone  
  20  1:49  Drone  
  21  1:59  Overlord  
  21  2:01  Queen  
  21  2:02  Queen  
  21  2:03  Drone  
  21  2:08  Metabolic Boost  
  26  2:11  Drone  
  26  2:13  Zergling x2  
  29  2:22  Drone  
  29  2:23  Drone  
  30  2:34  Hatchery  
  30  2:36  Drone  
  30  2:38  Drone  
  31  2:44  Queen  
  31  2:49  Overlord  
  33  2:52  Drone  
  33  2:55  Zergling x2  
  33  2:57  Drone  
  36  3:04  Overlord  
  36  3:08  Drone  
  36  3:09  Drone  
  36  3:10  Drone x2  
  36  3:12  Drone x2  
  42  3:13  Drone  
  42  3:16  Drone  
  44  3:20  Overlord  
  44  3:27  Drone  
  44  3:29  Drone  
  44  3:33  Queen  
  47  3:35  Queen  
  47  3:38  Drone  
  50  3:43  Zergling x2  
  50  3:47  Queen  
  53  3:48  Drone  
  53  3:51  Overlord  
  53  3:53  Drone x2, Overlord  
  53  3:54  Extractor  
  55  3:56  Drone  
  55  3:59  Drone  
  57  4:03  Zergling x2, Overlord  
  57  4:07  Zergling x2  
  57  4:08  Drone  
  57  4:09  Drone  
  61  4:11  Baneling Nest  
  61  4:13  Drone  
  61  4:14  Drone  
  61  4:16  Zergling x2  
  63  4:18  Drone  
  63  4:23  Drone, Lair  
  65  4:25  Drone  
  65  4:31  Drone  
  67  4:32  Drone  
  67  4:33  Drone, Overlord  
  67  4:36  Spore Crawler, Overlord  
  67  4:38  Drone  
  67  4:39  Drone  
  67  4:41  Drone  
  67  4:42  Drone  
  67  4:43  Drone  
  67  4:45  Extractor x2  
  70  4:47  Queen  
  70  4:50  Spore Crawler  
  71  4:54  Zergling x4  
  71  4:57  Spore Crawler  
  71  4:58  Drone  
  71  4:59  Drone  
  74  5:00  Spore Crawler, Drone  
  74  5:01  Drone  
  74  5:02  Drone  
  74  5:06  Drone x2  
  79  5:10  Evolution Chamber  
  79  5:12  Spore Crawler, Baneling x3  
  77  5:15  Zergling x2  
  77  5:16  Zergling x2  
  77  5:19  Queen  
  77  5:20  Drone  
  82  5:22  Drone  
  82  5:25  Extractor, Centrifical Hooks  
  82  5:29  Drone  
  82  5:30  Extractor, Drone  
  82  5:31  Extractor  
  81  5:37  Drone, Spire  
  81  5:38  Drone x2  
  81  5:40  Drone  
  81  5:41  Drone  
  79  5:44  Drone  
  79  5:45  Drone  
  79  5:47  Drone  
  79  5:48  Drone  
  79  5:49  Drone x2  
  84  5:51  Drone  
  84  5:55  Evolution Chamber  
  84  5:56  Evolution Chamber  
  81  6:00  Zerg Ground Armor Level 1  
  81  6:03  Zergling x2  
  82  6:05  Zergling x2  
  82  6:09  Zergling x2  
  85  6:12  Zergling x2  
  86  6:19  Drone  
  86  6:21  Zerg Melee Weapons Level 1  
  86  6:23  Hatchery, Zergling x2, Baneling x2  
  86  6:24  Zergling x2, Drone  
  86  6:25  Drone  
  90  6:28  Drone  
  90  6:31  Pneumatized Carapace  
  90  6:34  Zergling x2  
  90  6:37  Zergling x18  
  100  6:41  Overlord x2  
  100  6:43  Baneling  
  100  6:44  Baneling x2  
  100  6:50  Zerg Flyer Weapons Level 1, Overlord  
  100  6:51  Overlord  
  100  6:57  Overlord  
  100  6:59  Mutalisk x2  
  100  7:00  Mutalisk  
  106  7:01  Mutalisk  
  106  7:06  Mutalisk  
  110  7:09  Baneling  
  106  7:15  Mutalisk  
  106  7:18  Zergling x6  
  106  7:19  Drone  
  106  7:21  Drone  
  106  7:23  Drone  
  106  7:24  Drone  
  106  7:25  Drone  
  106  7:26  Mutalisk, Drone  
  110  7:31  Mutalisk  
  112  7:40  Zergling x16  
  112  7:41  Mutalisk  
  116  7:46  Drone  
  116  7:47  Drone  
  116  7:48  Drone x3  
  120  7:53  Extractor x2, Zergling x4  
  120  7:54  Zergling x2  
  120  7:58  Mutalisk x2  
  121  7:59  Zergling x4  
  121  8:03  Mutalisk  
  127  8:08  Zergling x6  
  130  8:16  Hatchery  
  130  8:19  Baneling x2  
  127  8:20  Overlord  
  127  8:21  Zergling x2, Overlord  
  127  8:22  Zergling x12, Baneling x2  
  127  8:23  Zergling x4  
  130  8:36  Zergling x8  
  130  8:37  Zergling x2, Baneling  
  130  8:39  Zergling x2  
  125  8:41  Zergling x2  
  125  8:43  Zergling x2  
  125  8:44  Mutalisk x2  
  125  8:46  Zergling x2  
  126  8:49  Zergling x2  
  126  8:51  Zergling x2, Queen x2  
  126  8:52  Queen  
  126  8:53  Zergling x4  
  131  8:57  Zergling x2  
  130  9:04  Zergling x4  
  130  9:07  Zergling x2  
  124  9:13  Zergling x4  
  124  9:15  Zergling x4  
  112  9:19  Mutalisk  
  112  9:22  Mutalisk  
  116  9:26  Zergling x2  
  116  9:27  Queen  
  116  9:28  Mutalisk  
  116  9:34  Zergling x2  
  116  9:35  Zergling x2  
  116  9:36  Mutalisk, Zergling x2  
  121  9:44  Zerg Ground Armor Level 2  
  121  9:47  Zerg Melee Weapons Level 2  
  121  9:52  Zergling x2  
  122  9:53  Zergling x2  
  122  9:56  Zergling x4  
  122  9:57  Zergling x2  
  126  10:01  Mutalisk  
  126  10:03  Overseer  
  126  10:06  Zergling x12  
  134  10:09  Mutalisk  
  135  10:19  Mutalisk  
  126  10:21  Zergling x2  
  126  10:22  Zergling x14  
  126  10:23  Zergling x2  
  126  10:26  Mutalisk  
  126  10:28  Extractor, Zergling x2  
  132  10:29  Zergling x2, Baneling x2  
  132  10:31  Baneling x3  
  132  10:35  Zergling x2  
  133  10:36  Zergling x2  
  133  10:38  Mutalisk  
  136  10:53  Baneling x8  
  136  10:57  Overlord  
  136  10:59  Overlord x3  
  130  11:11  Zergling x6  
  130  11:12  Hatchery, Zergling x8  
  130  11:13  Zergling x2  
  130  11:17  Zergling x6  
  135  11:22  Mutalisk x2  
  135  11:23  Mutalisk  
  135  11:24  Mutalisk  
  143  11:28  Mutalisk  
  144  11:35  Zergling x2  
  144  11:36  Zergling x4  
  144  11:37  Zergling x4  
  144  11:39  Mutalisk  
  147  11:45  Zerg Flyer Armor Level 1  
  147  11:46  Drone x2  
  149  11:48  Zergling x2  
  149  11:51  Baneling x4  
  149  11:52  Drone  
  149  11:54  Drone x2  
  153  11:57  Drone  
  153  11:59  Drone  
  153  12:00  Extractor  
  154  12:05  Zergling x6  
  157  12:11  Zergling x4  
  150  12:16  Zergling x2  
  150  12:20  Drone x2  
  150  12:21  Infestation Pit  
  152  12:24  Zergling x12  
  152  12:26  Zergling x2  
  156  12:30  Zergling x2  
  156  12:32  Mutalisk x2  
  156  12:33  Mutalisk x2  
  156  12:35  Zergling x2  
  157  12:38  Zergling x2  
  157  12:43  Baneling  
  158  12:44  Burrow  
  158  12:45  Zergling x2  
  158  12:48  Zerg Missile Weapons Level 1  
  158  12:49  Hydralisk Den  
  158  12:50  Baneling  
  158  12:51  Drone  
  158  12:55  Drone x2  
  158  12:57  Drone  
  163  12:58  Zergling x4  
  163  12:59  Zergling x4  
  163  13:01  Hatchery, Zergling x4  
  163  13:02  Baneling x3  
  163  13:03  Baneling x2  
  163  13:04  Zergling x2  
  168  13:09  Zergling x2  
  168  13:10  Zergling x4  
  172  13:12  Zergling x2  
  172  13:14  Hive  
  172  13:17  Overlord  
  172  13:20  Lurker Den  
  172  13:21  Zergling x6  
  172  13:24  Overlord x4  
  172  13:26  Overseer  
  174  13:29  Overseer  
  174  13:36  Zergling x2  
  173  13:43  Overlord  
  173  13:45  Overlord  
  173  13:53  Drone, Evolution Chamber  
  173  13:57  Baneling  
  173  13:58  Overseer, Baneling x11  
  173  13:59  Overseer  
  173  14:00  Drone x3  
  175  14:13  Seismic Spines  
  175  14:15  Hydralisk x2  
  175  14:16  Hydralisk x5  
  185  14:30  Zerg Ground Armor Level 3  
  185  14:32  Zerg Melee Weapons Level 3  
  185  14:39  Overlord  
  184  14:49  Lurker  
  176  15:00  Hydralisk  
  169  15:10  Lurker x6  
  169  15:13  Zergling x4, Hydralisk x2  
  176  15:14  Zergling x2  
  176  15:16  Drone  
  176  15:17  Zergling x2, Drone  
  176  15:18  Zergling x2  
  176  15:19  Zerg Missile Weapons Level 2  
  176  15:20  Zergling x2, Hydralisk  
  184  15:22  Overlord  
  184  15:24  Drone x2  
  184  15:25  Overlord  
  184  15:26  Lurker  
  187  15:30  Overseer  
  187  15:32  Hydralisk x3  
  193  15:36  Overlord  
  193  15:39  Spine Crawler  
  193  15:40  Spine Crawler  
  188  15:52  Baneling x2  
  172  16:01  Lurker x4  
  173  16:12  Adaptive Talons  
  173  16:15  Zergling x4  
  173  16:16  Zergling x4  
  173  16:17  Hatchery  
  173  16:18  Zergling x4  
  160  16:19  Zergling x4  
  160  16:20  Hydralisk  
  162  16:28  Drone x3  
  162  16:32  Zergling x2  
  158  16:33  Overseer x5, Drone  
  158  16:37  Hydralisk x4  
  158  16:38  Zergling x4  
  162  16:42  Zergling x2  
  146  16:48  Hydralisk  
  146  16:49  Hydralisk  
  146  16:51  Hydralisk x2  
  144  16:58  Zergling x2  
  144  16:59  Zergling x4  
  144  17:00  Drone  
  138  17:09  Zergling x4  
  138  17:11  Hydralisk x2  
  143  17:18  Grooved Spines  
  143  17:21  Corruptor x4  
  147  17:31  Hydralisk x2  
  147  17:33  Queen, Overlord  
  153  17:38  Hydralisk  
  151  17:48  Zergling x2  
  151  17:49  Hydralisk  
  151  17:50  Hydralisk x2  
  146  17:53  Zergling x6  
  146  17:55  Zergling x2  
  146  17:57  Zergling x2  
  143  18:01  Lurker x3  
  143  18:02  Zergling x4  
  143  18:03  Zergling x2  
  149  18:06  Zergling x2  
  149  18:07  Zergling x2  
  149  18:10  Zergling x2  
  152  18:13  Zergling x2  
  152  18:15  Zergling x2  
  151  18:20  Zergling x2  
  151  18:24  Zergling x2  
  151  18:25  Hydralisk x2  
  157  18:29  Muscular Augments, Zergling x2  
  157  18:31  Zergling x2  
  159  18:35  Zergling x4  
  159  18:36  Zergling x2  
  159  18:40  Zergling x2  
  160  18:45  Zergling x2  
  160  18:46  Zergling x2  
  160  18:47  Zergling x2  
  163  18:50  Hydralisk  
  163  18:58  Zergling x2  
  163  18:59  Zergling x4, Hydralisk  
  166  19:05  Zergling x2  
  139  19:11  Hydralisk  
  139  19:12  Zergling x2  
  139  19:14  Hydralisk x4  
  123  19:20  Overseer x4  
  117  19:28  Hydralisk  
  117  19:30  Hydralisk x3  
  123  19:33  Zergling x4  
  125  19:42  Spore Crawler  
  125  19:44  Viper x2  
  129  19:55  Lurker  
  129  19:56  Baneling x4  
  129  19:57  Lurker  
  129  19:59  Zergling x2  
  132  20:07  Overseer  
  132  20:09  Zergling x4  
  136  20:18  Zergling x4  
  138  20:24  Hydralisk  
  132  20:30  Zergling x2  
  132  20:31  Zergling x2  
  132  20:32  Zergling x4  
  132  20:34  Hydralisk  
  127  20:35  Hydralisk  
  127  20:42  Baneling  
  127  20:43  Baneling x4  
  127  20:44  Lurker  
  127  20:45  Zergling x4  
  127  20:46  Zergling x2  
  127  20:48  Zergling x4  
  130  20:50  Zergling x2  
Show
View Real Time Build Order
Export as new Build Order

soul Terran - Winner!

Build Orders: Gas First Reaper Expand, Hellion Opening 

Get SALT Encoding   

  12  0:00  SCV  
  13  0:12  SCV  
  14  0:16  Supply Depot  
  14  0:24  SCV  
  15  0:30  Refinery  
  15  0:38  SCV  
  16  0:44  Barracks  
  16  0:50  SCV  
  17  1:02  SCV  
  18  1:15  SCV  
  19  1:31  Orbital Command  
  19  1:32  Reaper  
  20  1:42  Command Center  
  20  1:53  Factory  
  20  1:57  SCV  
  21  2:09  Barracks Reactor, SCV  
  21  2:14  Supply Depot  
  22  2:16  Refinery  
  22  2:21  SCV  
  23  2:35  SCV  
  24  2:43  Starport  
  24  2:47  SCV  
  24  2:51  Hellion x2  
  29  2:56  Orbital Command  
  29  2:59  SCV  
  29  3:00  Marine  
  31  3:12  Hellion x2  
  35  3:13  SCV  
  36  3:22  Fusion Core, SCV  
  36  3:25  SCV  
  38  3:29  Barracks Tech Lab  
  38  3:30  Starport Tech Lab  
  38  3:34  SCV  
  38  3:37  SCV  
  38  3:38  Supply Depot  
  38  3:39  Hellion  
  41  3:44  Hellion  
  41  3:47  SCV  
  44  3:50  SCV  
  44  3:51  Marine  
  46  4:00  SCV  
  46  4:01  Supply Depot  
  47  4:09  Hellion x2  
  51  4:11  SCV  
  51  4:16  SCV  
  53  4:23  SCV, Battlecruiser  
  60  4:25  Supply Depot  
  60  4:28  SCV  
  61  4:35  Stimpack  
  61  4:37  SCV  
  62  4:38  Supply Depot  
  62  4:47  Command Center, SCV  
  62  4:50  SCV  
  64  4:55  Supply Depot, Factory Reactor  
  64  4:59  SCV  
  65  5:04  SCV  
  65  5:05  Barracks  
  66  5:08  Barracks  
  66  5:09  Marine  
  66  5:11  SCV  
  68  5:16  SCV  
  68  5:21  Engineering Bay  
  67  5:22  Engineering Bay  
  67  5:23  SCV  
  67  5:27  Refinery  
  67  5:28  Refinery  
  68  5:33  Starport Reactor  
  68  5:34  SCV  
  69  5:38  Marine  
  64  5:43  SCV  
  65  5:51  Terran Infantry Weapons Level 1, Terran Infantry Armor Level 1  
  65  5:54  Marine x2, SCV  
  68  6:00  Orbital Command  
  68  6:01  Supply Depot  
  68  6:04  SCV  
  68  6:05  Marine x2  
  68  6:06  Marine  
  68  6:11  Medivac x2  
  72  6:12  Marine  
  72  6:13  Marine, SCV  
  72  6:15  Combat Shield  
  72  6:16  SCV  
  78  6:22  Supply Depot  
  78  6:23  Marine x2  
  78  6:24  Marine  
  78  6:25  Orbital Command  
  81  6:27  SCV  
  81  6:28  SCV  
  81  6:30  Marine  
  81  6:31  Marine  
  85  6:34  Supply Depot x2  
  85  6:37  Siege Tank  
  85  6:39  SCV  
  89  6:41  Marine x2  
  89  6:42  Marine  
  89  6:45  SCV  
  93  6:48  Marine x2  
  93  6:51  SCV  
  96  6:56  SCV  
  96  6:59  Marine x3, SCV  
  100  7:03  SCV  
  100  7:06  Marine x2  
  101  7:09  Siege Tank  
  101  7:11  Barracks  
  101  7:12  Barracks  
  101  7:13  SCV  
  104  7:16  SCV  
  104  7:17  Marine x3  
  104  7:19  SCV  
  104  7:21  Supply Depot  
  105  7:23  Marine  
  105  7:25  SCV  
  105  7:28  Marine  
  105  7:29  SCV  
  102  7:34  Marine x2  
  102  7:35  Marine  
  99  7:38  SCV  
  99  7:40  SCV  
  99  7:41  Marine, Siege Tank, SCV  
  105  7:46  Marine  
  106  7:51  Armory  
  106  7:52  Marine x2  
  106  7:53  Marine  
  106  7:55  SCV x2  
  106  7:57  Factory, Supply Depot  
  106  7:58  Supply Depot  
  111  7:59  Marine  
  111  8:04  Marine, Barracks Reactor x2  
  113  8:07  SCV  
  113  8:09  Command Center  
  113  8:10  Marine x2  
  116  8:13  Siege Tank  
  116  8:17  Marine  
  120  8:22  Marine  
  120  8:23  Marine  
  121  8:28  Marine x2, Supply Depot  
  121  8:29  Supply Depot  
  115  8:34  Marine  
  115  8:40  Marine x5  
  115  8:41  Marine  
  114  8:43  Widow Mine  
  114  8:45  Siege Tank  
  114  8:46  Marine x2  
  111  8:52  Marine  
  106  8:55  Orbital Command  
  106  8:58  Marine x5  
  106  8:59  Marine  
  112  9:03  Marine  
  112  9:04  Marine, Widow Mine  
  105  9:10  Marine  
  105  9:12  Medivac  
  105  9:16  Marine x4  
  103  9:17  Siege Tank  
  103  9:19  Marine  
  103  9:23  Medivac  
  109  9:24  Marine  
  109  9:29  Widow Mine  
  108  9:34  Missile Turret  
  108  9:41  Missile Turret  
  108  9:42  Medivac  
  110  9:47  SCV x2  
  110  9:48  SCV  
  110  9:50  Widow Mine x2  
  117  9:53  SCV  
  117  9:55  Marine  
  117  9:57  Marine  
  117  9:59  SCV  
  121  10:00  Marine  
  121  10:06  SCV  
  121  10:07  Marine  
  124  10:11  Widow Mine  
  124  10:14  SCV  
  127  10:17  Bunker  
  127  10:18  Marine  
  128  10:22  Marine x2  
  128  10:25  Marine  
  128  10:27  SCV  
  128  10:33  Terran Infantry Weapons Level 2, Terran Infantry Armor Level 2  
  128  10:35  SCV  
  130  10:37  Marine  
  130  10:39  Marine  
  130  10:41  SCV  
  131  10:43  Marine  
  131  10:46  Marine, Missile Turret  
  131  10:47  Marine x3  
  131  10:48  SCV x2  
  135  10:51  Missile Turret  
  135  10:53  Marine  
  135  10:55  Planetary Fortress  
  135  10:56  SCV  
  137  11:00  SCV x2  
  137  11:02  Marine  
  137  11:03  Marine  
  141  11:05  Refinery, Marine  
  141  11:06  Marine  
  141  11:08  SCV  
  139  11:12  SCV x2  
  139  11:13  Widow Mine  
  139  11:14  Factory Reactor  
  139  11:16  Marine x5  
  143  11:20  SCV  
  143  11:24  Missile Turret, SCV x2  
  146  11:25  Sensor Tower  
  146  11:26  Marine  
  148  11:32  SCV  
  148  11:34  Barracks  
  148  11:35  Marine, Barracks  
  148  11:36  SCV x2  
  148  11:37  SCV  
  148  11:38  Refinery  
  148  11:39  Marine  
  153  11:41  Marine  
  153  11:43  Marine  
  155  11:51  Drilling Claws, Command Center  
  155  11:52  Supply Depot  
  155  11:53  Thor  
  161  11:55  Widow Mine  
  161  11:57  Marine  
  161  12:00  Widow Mine  
  164  12:03  Medivac x2  
  164  12:11  Marauder, Marine  
  164  12:13  Marine x4  
  148  12:16  Widow Mine, Marine  
  148  12:18  Marine  
  147  12:24  Widow Mine  
  147  12:25  SCV  
  147  12:28  Marine  
  147  12:29  Marine  
  152  12:31  Marine  
  152  12:32  Marine, Marauder  
  152  12:33  Medivac  
  152  12:36  Widow Mine  
  156  12:37  Missile Turret  
  156  12:40  Barracks Tech Lab x2  
  156  12:41  Widow Mine  
  156  12:46  Widow Mine  
  156  12:51  Marine  
  159  12:54  Marauder  
  159  12:57  Refinery, SCV x4  
  159  12:58  Widow Mine  
  167  13:00  Marine  
  167  13:01  Marauder, Marine  
  167  13:03  Widow Mine, Marine  
  161  13:06  Marine  
  161  13:07  Marine, Widow Mine  
  161  13:09  SCV x2  
  167  13:15  Missile Turret  
  167  13:16  Medivac x2  
  167  13:19  Widow Mine  
  173  13:21  Terran Infantry Weapons Level 3  
  173  13:24  Refinery  
  175  13:27  Marine  
  175  13:29  Marine  
  175  13:30  Marine x2  
  175  13:31  Marine x2  
  179  13:40  Marine  
  179  13:42  Marine x2  
  179  13:46  Widow Mine  
  179  13:52  Marine x4, Medivac  
  179  13:53  Widow Mine  
  187  14:03  Planetary Fortress  
  187  14:10  Marine x2  
  187  14:12  Sensor Tower  
  187  14:17  Missile Turret  
  187  14:18  Missile Turret  
  187  14:28  Factory Reactor  
  187  14:37  Ghost Academy  
  187  14:38  Command Center  
  187  14:54  Marine  
  187  14:57  Marine  
  187  14:59  Marine  
  187  15:03  SCV  
  187  15:15  Marine, Ghost  
  187  15:16  Marine x2, Widow Mine, SCV  
  187  15:18  Barracks  
  187  15:19  Supply Depot  
  187  15:20  Supply Depot  
  187  15:24  Command Center, Missile Turret  
  187  15:26  Command Center  
  187  15:35  Starport, Personal Cloaking  
  187  15:36  Fusion Core  
  187  15:39  Marine  
  187  15:40  Ghost x2  
  187  15:41  Medivac x2  
  187  15:42  Widow Mine x2  
  199  15:44  Marine  
  200  15:54  Marine  
  198  16:02  Terran Vehicle And Ship Armor Level 1  
  198  16:04  SCV x2  
  195  16:22  Supply Depot  
  195  16:24  Supply Depot  
  191  16:35  Ghost x3  
  191  16:36  Widow Mine  
  165  16:50  Marine  
  165  16:54  Marine x6  
  154  16:55  Marine  
  154  17:00  Nuke  
  140  17:08  Marine  
  142  17:11  Widow Mine x3, Marine  
  142  17:12  Marine x4  
  155  17:18  Liberator x3  
  155  17:19  Missile Turret  
  155  17:21  SCV x3  
  158  17:32  Marine x2  
  158  17:33  SCV x3  
  158  17:36  Planetary Fortress  
  158  17:45  SCV x2  
  158  17:56  Planetary Fortress  
  154  18:01  Liberator x3  
  154  18:09  Missile Turret  
  154  18:10  Advanced Ballistics  
  154  18:12  Refinery  
  154  18:14  Command Center  
  154  18:17  Ghost  
  165  18:26  Widow Mine, Marauder  
  169  18:27  Marauder  
  169  18:35  Marine, Refinery  
  169  18:39  Refinery  
  169  18:44  Liberator x2  
  169  18:46  Marauder  
  169  18:48  Marauder  
  172  18:54  SCV x3  
  175  18:56  Sensor Tower  
  175  19:02  Marine  
  181  19:06  SCV  
  181  19:07  SCV x2  
  172  19:12  Marine  
  172  19:13  Marine  
  172  19:14  Marine x4  
  172  19:15  Marauder  
  150  19:18  Marine, Marauder  
  150  19:21  Marauder  
  147  19:28  Marine  
  147  19:30  Marine x2  
  147  19:31  Liberator x3  
  148  19:34  Marine  
  148  19:36  Marauder  
  148  19:37  Marine  
  150  19:40  Marauder  
  150  19:41  Marine  
  150  19:43  Marauder  
  162  19:53  SCV  
  162  19:54  Missile Turret, SCV  
  162  19:55  SCV  
  165  20:05  SCV  
  165  20:06  SCV  
  167  20:07  SCV  
  167  20:11  Marine x2  
  167  20:12  Marine x2  
  172  20:21  Planetary Fortress, Ghost  
  171  20:27  Ghost  
  165  20:36  Ghost  
  167  20:50  Ghost  
  159  21:00  Ghost  
  157  21:07  Marine  
  157  21:08  Marauder  
Tags
 
Add a new tag
Caveats
  • Supply blocks, unpowered buildings, or Contaminate may cause inaccurate times.
  • Supply counts are checked every 10 seconds.